 Dungeon Crawl Stone Soup version 0.19.1 (webtiles) character file.

123 esteth the Conjurer (level 4, -9/30 HPs)
             Began as a Demonspawn Conjurer on Dec 12, 2016.
             Mangled by an ogre
             ... wielding a +0 giant spiked club
              (14 damage)
             ... on level 3 of the Dungeon.
             The game lasted 00:08:06 (2174 turns).

esteth the Conjurer (Demonspawn Conjurer)           Turns: 2174, Time: 00:08:06

Health: -9/30      AC:  5    Str: 14    XL:     4   Next: 79%
Magic:  9/10       EV: 12    Int: 17    God:
Gold:   166        SH:  0    Dex: 13    Spells: 1 memorised, 10 levels left

rFire  . . .     SeeInvis .     d - +0 dagger
rCold  . . .     Gourm    .     a - +0 robe
rNeg   + . .     Faith    .     (no shield)
rPois  .         Spirit   .     (no helmet)
rElec  .         Reflect  .     e - +2 cloak
rCorr  .         Harm     .     (no gloves)
MR     .....                    (no boots)
Stlth  +.........               (no amulet)
                                (no ring)
                                m - ring of positive energy

@: mighty, glowing
A: powered by pain 2
a: no special abilities


You were on level 3 of the Dungeon.
You were not hungry.

You visited 1 branch of the dungeon, and saw 3 of its levels.

You collected 166 gold pieces.

Inventory:

Hand Weapons
 d - a +0 dagger (weapon)
Armour
 a - a +0 robe (worn)
 e - a +2 cloak (worn)
Jewellery
 m - a ring of positive energy (left hand)
Scrolls
 g - a scroll of amnesia {unknown}
 h - 3 scrolls of identify {unknown}
 i - a scroll of remove curse {unknown}
 j - a scroll of enchant weapon {unknown}
 o - a scroll of magic mapping {unknown}
Potions
 f - 3 potions of heal wounds {unknown}
 k - a potion of lignification {unknown}
 n - a potion of curing {unknown}
Books
 b - a book of Conjurations

   Spells                             Type                      Level
   a - Magic Dart                     Conjuration                  1
   b - Searing Ray                    Conjuration                  2
   c - Dazzling Spray                 Conjuration/Hexes            3
   d - Fulminant Prism                Conjuration/Hexes            4
   e - Iskenderun's Mystic Blast      Conjuration                  4
   f - Iskenderun's Battlesphere      Conjuration/Charms           5
Comestibles
 c - 2 bread rations
 l - a chunk of flesh


   Skills:
 - Level 1.7 Dodging
 - Level 1.7 Stealth
 * Level 4.0 Spellcasting
 + Level 4.8 Conjurations


You had 10 spell levels left.
You knew the following spells:

 Your Spells              Type           Power        Failure   Level  Hunger
a - Magic Dart            Conj           ###.         2%          1    None


Dungeon Overview and Level Annotations

Branches:
Dungeon (3/15)

Altars:
The Shining One

Annotations:
D:3 1 runed door


Innate Abilities, Weirdness & Mutations

You sometimes gain power by taking damage.


Message History

Aim: a rat (moderately wounded)
The magic dart hits the rat.
The rat is severely wounded.
The ogre shouts!
The rat closely misses you.
Casting: Magic Dart
Confirm with . or Enter, or press ? or * to list all spells.
Aiming: Magic Dart
Press: ? - help, Shift-Dir - straight line, f/p - rat
Aim: a rat (severely wounded)
The magic dart hits the rat.
You kill the rat!
The ogre misses you.
The ogre hits you with a giant spiked club!!
Ouch! That really hurt!
* * * LOW HITPOINT WARNING * * *
You focus on the pain.
You feel very mighty all of a sudden.
The ogre hits you with a giant spiked club!
You die...

#†#### #######
#.#####.# ##>....#
#)......#
.#......####.#######
.............#
#..........#
##.........# #.
#.###..#.....# #.
##.####..@....# ##.
.._..A#.O##.### #..#
##.+###.###.#
#..O###.###..###.#
#....##>##.......#
#.#.†.###(..######
#...........#
###........##
#.#####[##


You could see an angel and an ogre.

Vanquished Creatures
  A gnoll (D:1)
  6 adders
  An ooze (D:1)
  2 worms (D:2)
  A dart slug (D:2)
  A leopard gecko (D:2)
  An orc (D:3)
  A ball python (D:2)
  3 bats
  3 giant cockroaches
  3 goblins (D:1)
  3 hobgoblins
  2 jackals (D:1)
  9 kobolds
  3 frilled lizards
  7 rats
47 creatures vanquished.

Notes
Turn   | Place    | Note
-------+----------+-------------------------------------------
     0 | D:1      | esteth the Demonspawn Conjurer began the quest for the Orb.
     0 | D:1      | Reached XP level 1. HP: 13/13 MP: 3/3
   549 | D:1      | Gained mutation: You sometimes gain a little power by taking damage. [demonic ancestry]
   549 | D:1      | Reached XP level 2. HP: 19/19 MP: 1/5
  1038 | D:1      | Reached XP level 3. HP: 24/24 MP: 0/7
  1538 | D:2      | Gained mutation: You sometimes gain power by taking damage. [demonic ancestry]
  1538 | D:2      | Reached XP level 4. HP: 27/30 MP: 2/9
  2133 | D:3      | Found a runed door.
  2134 | D:3      | Found a glowing golden altar of the Shining One.
  2134 | D:3      | Noticed an angel
  2155 | D:3      | Noticed an ogre
  2174 | D:3      | Mangled by an ogre

Skill      XL: |  1  2  3  4 |
---------------+-------------+-----
Spellcasting   | 3 4 |  4.0
Dodging        | |  1.7
Stealth        | |  1.7
Conjurations   | |  4.8

Action                   |  1- 3 |  4- 6 || total
-------------------------+-------+-------++-------
Melee: Unarmed           |    12 |       ||    12
       Dagger            |    47 |    14 ||    61
 Cast: Magic Dart        |    62 |    40 ||   102
  Eat: Chunk             |     2 |       ||     2
       Bread ration      |       |     1 ||     1
Armor: Robe              |    19 |     7 ||    26
Dodge: Dodged            |    70 |     7 ||    77
